Map: Lightshade LE

Players

RotterdaM - Winner!

  • Race: Protoss Protoss
  • League: Grandmaster
  • Spawn Location: 11:00

SouLeer

  • Race: Zerg Zerg
  • League: Grandmaster
  • Spawn Location: 5:00

Event: DreamHack SC2 Masters 2020 Winter

VOD

Have the link to the VOD?

Description

Time

  • Played on: Oct. 16, 2020, 1:44 p.m.
  • Length: 10:33

All games in this series

Show
View Real Time Build Order
Export as new Build Order

RotterdaM Protoss - Winner!

Build Orders: Nexus First, Phoenix Opening 

Get SALT Encoding   

  12  0:00  Probe  
  13  0:13  Probe  
  14  0:18  Pylon  
  14  0:25  Probe (Chrono Boost)  
  15  0:37  Probe (Chrono Boost)  
  16  0:45  Probe (Chrono Boost)  
  17  0:51  Probe  
  18  1:03  Nexus  
  18  1:13  Gateway  
  18  1:16  Probe (Chrono Boost)  
  19  1:23  Assimilator  
  20  1:26  Probe (Chrono Boost)  
  20  1:29  Assimilator  
  20  1:31  Probe (Chrono Boost)  
  20  1:39  Pylon  
  21  1:42  Probe  
  22  1:55  Probe  
  22  2:01  Cybernetics Core  
  23  2:03  Zealot  
  23  2:08  Probe (Chrono Boost)  
  27  2:17  Probe (Chrono Boost)  
  27  2:18  Probe (Chrono Boost)  
  28  2:25  Probe (Chrono Boost)  
  28  2:26  Probe (Chrono Boost)  
  30  2:30  Probe (Chrono Boost)  
  30  2:34  Probe  
  32  2:37  Stargate  
  32  2:41  Adept  
  34  2:44  Warp Gate  
  34  2:46  Probe  
  34  2:49  Probe  
  36  2:55  Shield Battery  
  36  2:58  Probe  
  36  3:01  Pylon  
  36  3:04  Probe  
  38  3:10  Assimilator  
  38  3:11  Probe  
  39  3:16  Probe  
  40  3:20  Phoenix (Chrono Boost)  
  42  3:28  Twilight Council  
  42  3:29  Forge  
  42  3:33  Probe x2  
  44  3:37  Phoenix (Chrono Boost)  
  46  3:44  Assimilator  
  46  3:47  Pylon  
  46  3:54  Probe  
  47  3:57  Protoss Ground Weapons Level 1 (Chrono Boost)  
  47  3:59  Phoenix (Chrono Boost)  
  47  4:01  Gateway  
  49  4:08  Charge (Chrono Boost)  
  49  4:15  Gateway  
  49  4:17  Gateway  
  49  4:23  Phoenix  
  51  4:25  Probe x2  
  53  4:34  Gateway  
  53  4:37  Probe  
  54  4:42  Pylon  
  54  4:47  Gateway  
  54  4:48  Gateway  
  54  4:52  Phoenix  
  56  4:57  Gateway  
  56  5:03  Zealot  
  56  5:05  Gateway  
  56  5:16  Phoenix  
  56  5:17  Zealot x2  
  62  5:26  Zealot x2  
  66  5:29  Pylon  
  66  5:31  Pylon  
  66  5:36  Pylon  
  66  5:38  Zealot  
  68  5:43  Probe x2  
  68  5:47  Assimilator  
  70  5:53  Dark Shrine  
  70  5:55  Probe, Protoss Air Weapons Level 1 (Chrono Boost)  
  71  6:01  Phoenix  
  71  6:03  Probe  
  74  6:07  Probe  
  75  6:16  Nexus  
  75  6:19  Pylon  
  75  6:25  Stargate  
  75  6:28  Photon Cannon  
  75  6:34  Phoenix  
  75  6:37  Probe x2  
  79  6:49  Probe  
  79  6:51  Pylon  
  80  6:57  Zealot  
  83  7:06  Phoenix (Chrono Boost)  
  83  7:07  Phoenix (Chrono Boost)  
  85  7:08  Zealot  
  87  7:21  Zealot x3  
  93  7:23  Phoenix (Chrono Boost)  
  93  7:28  Probe  
  98  7:31  Phoenix (Chrono Boost)  
  98  7:35  Shield Battery  
  98  7:40  Dark Templar x2  
  98  7:41  Dark Templar  
  98  7:42  Phoenix (Chrono Boost)  
  106  7:50  Phoenix  
  108  7:51  Dark Templar  
  108  7:56  Zealot  
  111  7:59  Zealot  
  111  8:04  Phoenix  
  106  8:15  Phoenix (Chrono Boost)  
  106  8:16  Pylon  
  106  8:18  Archon x2, Pylon  
  108  8:23  Pylon  
  106  8:29  Phoenix (Chrono Boost)  
  106  8:36  Pylon  
  106  8:38  Phoenix (Chrono Boost)  
  106  8:41  Probe  
  107  8:43  Probe  
  107  8:46  Dark Templar x2, Zealot  
  114  8:49  Zealot  
  114  8:53  Probe  
  114  8:55  Probe  
  118  8:57  Zealot x2  
  118  9:02  Zealot x2  
  104  9:14  Phoenix  
  98  9:20  Phoenix  
  90  9:25  Dark Templar, Zealot  
  86  9:33  Probe  
  85  9:43  Phoenix  
  81  9:46  Phoenix  
  81  9:50  Probe x2  
  81  10:02  Probe x2  
  85  10:14  Probe x2  
  85  10:15  Dark Templar  
  87  10:32  Zealot x2  
Show
View Real Time Build Order
Export as new Build Order

SouLeer Zerg 

Build Orders: Hatch First 

Get SALT Encoding   

  12  0:00  Drone  
  13  0:12  Overlord  
  13  0:16  Drone  
  14  0:30  Drone  
  15  0:44  Hatchery  
  15  0:47  Drone  
  15  0:51  Drone  
  15  0:55  Drone  
  17  1:00  Drone  
  18  1:09  Extractor  
  17  1:15  Spawning Pool  
  17  1:18  Drone  
  17  1:21  Drone  
  18  1:31  Drone  
  19  1:42  Drone  
  20  1:52  Overlord  
  20  2:01  Queen  
  20  2:02  Queen, Zergling x2  
  20  2:03  Zergling x2  
  20  2:08  Drone  
  27  2:14  Drone  
  28  2:20  Drone, Metabolic Boost  
  29  2:25  Drone  
  30  2:34  Hatchery  
  29  2:38  Drone  
  29  2:41  Drone  
  31  2:46  Overlord  
  31  2:47  Drone  
  32  2:54  Queen  
  32  2:56  Drone  
  35  2:59  Drone  
  35  3:04  Drone  
  37  3:08  Drone  
  37  3:09  Overlord  
  37  3:12  Drone x2  
  40  3:15  Drone  
  41  3:20  Drone  
  41  3:25  Overlord  
  42  3:29  Queen  
  42  3:32  Drone  
  45  3:36  Drone  
  45  3:41  Drone  
  47  3:43  Drone x3  
  47  3:46  Overlord x2  
  50  3:52  Queen  
  50  3:54  Drone x2  
  54  3:56  Roach Warren  
  54  3:59  Drone, Extractor  
  53  4:07  Drone x2  
  53  4:09  Spore Crawler  
  52  4:12  Queen  
  52  4:13  Spore Crawler  
  52  4:15  Spore Crawler  
  52  4:16  Drone  
  53  4:19  Zergling x4  
  55  4:24  Overlord  
  55  4:27  Lair  
  55  4:30  Drone  
  56  4:32  Spore Crawler  
  56  4:34  Drone  
  56  4:35  Drone  
  56  4:36  Drone  
  58  4:42  Drone  
  58  4:44  Extractor  
  58  4:50  Queen  
  60  4:55  Overlord  
  60  5:00  Roach x4  
  60  5:01  Roach x2  
  72  5:07  Roach x2  
  72  5:08  Roach  
  72  5:10  Roach  
  77  5:15  Roach x2  
  77  5:18  Roach  
  83  5:21  Overlord  
  83  5:25  Roach  
  83  5:26  Roach  
  83  5:27  Glial Reconstitution  
  87  5:34  Overseer  
  87  5:37  Zergling x6  
  87  5:38  Overlord  
  90  5:49  Zergling x12  
  96  5:51  Overlord  
  96  5:56  Drone x2  
  98  5:59  Drone x3  
  98  6:02  Overlord  
  101  6:10  Overlord  
  101  6:11  Drone x3  
  103  6:14  Spore Crawler  
  102  6:19  Drone x3  
  102  6:23  Drone  
  102  6:24  Evolution Chamber  
  105  6:30  Overlord  
  105  6:31  Drone x4  
  109  6:35  Extractor x2  
  109  6:39  Spire  
  106  6:41  Extractor  
  106  6:42  Drone  
  106  6:46  Overlord  
  103  6:48  Drone  
  103  6:49  Drone x2  
  103  6:50  Overseer  
  106  6:54  Overlord  
  106  6:56  Overseer  
  106  7:00  Drone x4  
  109  7:04  Drone x3  
  112  7:14  Zerg Missile Weapons Level 1  
  112  7:26  Queen, Hatchery  
  112  7:27  Overlord  
  112  7:36  Drone x2  
  113  7:39  Overlord  
  113  7:40  Roach x3  
  113  7:41  Roach x2  
  113  7:44  Roach x3  
  129  7:46  Overlord  
  129  7:49  Drone x3  
  128  7:56  Roach x3  
  132  8:00  Overlord  
  132  8:01  Roach x2  
  132  8:05  Pneumatized Carapace  
  132  8:06  Overseer  
  132  8:12  Corruptor x3  
  133  8:16  Spore Crawler  
  133  8:17  Corruptor  
  141  8:24  Drone x3  
  141  8:26  Hatchery  
  143  8:29  Corruptor  
  143  8:33  Corruptor  
  141  8:38  Overlord  
  141  8:40  Corruptor  
  143  8:48  Corruptor  
  143  8:53  Corruptor x2  
  149  8:57  Corruptor  
  147  9:06  Corruptor x2  
  131  9:11  Corruptor  
  131  9:13  Zergling x2  
  131  9:14  Zergling x4  
  128  9:20  Roach x3  
  128  9:23  Roach  
  126  9:26  Roach  
  126  9:30  Roach  
  119  9:39  Corruptor x3  
  119  9:43  Overseer x2  
  114  9:56  Corruptor x2  
  108  10:11  Zergling x6  
Tags
 
Add a new tag
Caveats
  • Supply blocks, unpowered buildings, or Contaminate may cause inaccurate times.
  • Supply counts are checked every 10 seconds.